AoeStats
← plum255

Arabia

506201612Analyzed
1v1 RM · 18d ago on Sep 12, 2026· 53m 40s· 2 players
Game mode
Random Map
Map size
Tiny (2 player)
Population
200
Speed
Normal
Resources
Standard
Victory
Conquest
Starting age
Dark Age
Ending age
Imperial Age
RankedLock teamsTeams togetherTeam positionsShared explorationLock speedFull tech treeHidden civsTurbo modeCheats
Victory
Defeat
🇹🇼 Goths · Taiwan
1298
+15
🇺🇾 Magyars · Uruguay
1273
-15
Gyurkobeats
4:57 Loom
9:39 Feudal Age
10:09 Double-Bit Axe
16:53 Fletching
25:17 Castle Age
26:06 Bodkin Arrow
26:30 Scale Barding Armor
28:28 Wheelbarrow
28:36 Husbandry
30:34 Gold Mining
32:23 Bloodlines
39:49 Bow Saw
48:18 Imperial Age
47:16 Hand Cart
46:53 Horse Collar
48:42 Chain Barding Armor
49:23 Town Watch
50:15 Bracer
50:50 Recurve Bow
51:00 Padded Archer Armor
51:57 Heavy Cavalry Archer
54:22 Gold Shaft Mining
54:02 Thumb Ring
plum255
1:04 Loom
8:54 Feudal Age
22:58 Double-Bit Axe
24:29 Fletching
25:43 Gold Mining
30:49 Castle Age
29:52 Scale Mail Armor
30:46 Forging
31:40 Squires
31:00 Pikeman
33:13 Chain Mail Armor
36:03 Wheelbarrow
36:32 Horse Collar
39:17 Stone Mining
41:38 Bodkin Arrow
43:33 Bow Saw
44:54 Stone Shaft Mining
44:38 Heavy Plow
44:55 Hand Cart
48:36 Imperial Age
46:49 Man-at-Arms
48:05 Iron Casting
48:12 Masonry
48:23 Ballistics
47:59 Murder Holes
49:10 Anarchy
49:19 Perfusion
49:40 Conscription
49:33 Guilds
48:46 Long Swordsman
50:21 Architecture
51:11 Blast Furnace
49:57 Halberdier
50:00 Elite Huskarl
52:36 Two-Man Saw
51:37 Bracer
52:12 Crop Rotation
52:46 Chemistry
51:19 Two-Handed Swordsman
Connection lost

Rejoining the realm…

Still unreachable

The connection could not be restored.

Session expired

The server has moved on; the page needs a fresh start.